 Dungeon Crawl Stone Soup version 0.24-a0-458-gfcb5e6da0e (webtiles) character file.

Game seed: 8005099789146050380

7755 Gargoyl the Cleaver (level 11, -2/91 HPs)
             Began as a Centaur Abyssal Knight on June 26, 2019.
             Was a Priest of Lugonu.
             Slain by an orc warrior
             ... wielding a +0 glaive
              (13 damage)
             ... on level 10 of the Dungeon on June 27, 2019.
             The game lasted 00:25:54 (16345 turns).

Gargoyl the Cleaver (Centaur Abyssal Knight)       Turns: 16345, Time: 00:25:55

Health: -2/91      AC: 12    Str: 16    XL:     11   Next: 0%
Magic:  16/16      EV: 11    Int: 11    God:    Lugonu [***...]
Gold:   617        SH:  6    Dex: 11    Spells: 10/10 levels left

rFire    . . .     SeeInvis .   a - +2 hand axe
rCold    . . .     Gourm    .   (no shield)
rNeg     + + .     Faith    .   v - +2 ring mail {MR+}
rPois    .         Spirit   .   (no helmet)
rElec    .         Reflect  +   q - +0 cloak
rCorr    .         Harm     .   r - +1 pair of gloves
MR       +....                  (no barding)
Stlth    ..........             m - +6 amulet of reflection
HPRegen  0.25/turn              o - ring of positive energy
MPRegen  0.15/turn              s - ring of positive energy

@: very quick
A: large, hooves 3, deformed body, speed 2, tough skin 3
a: Depart the Abyss, Bend Space, Banish, Renounce Religion


You were on level 10 of the Dungeon.
You worshipped Lugonu.
Lugonu was most pleased with you.
You were not hungry.

You visited 1 branch of the dungeon, and saw 10 of its levels.
You visited the Abyss 1 time.

You collected 617 gold pieces.

Inventory:

Hand Weapons
 a - a +2 hand axe (weapon)
Armour
 q - a +0 cloak (worn)
 r - a +1 pair of gloves (worn)
 v - a +2 ring mail of magic resistance (worn)
Jewellery
 m - a +6 amulet of reflection (around neck)
 o - a ring of positive energy (left hand)
 s - a ring of positive energy (right hand)
Wands
 b - a wand of iceblast (6)
 d - a wand of digging (4)
 j - a wand of flame (18)
Scrolls
 g - 4 scrolls of remove curse
 h - 3 scrolls of identify
 k - 3 scrolls of magic mapping
 l - 2 scrolls of fog
 p - a scroll of fear
 x - a scroll of blinking
 y - 2 scrolls of teleportation
Potions
 e - a potion of magic
 i - 2 potions of flight
 n - 2 potions of brilliance
 t - a potion of invisibility
 B - a potion of curing
Comestibles
 c - 17 rations


   Skills:
 + Level 6.4 Fighting
 + Level 8.5 Axes
 * Level 6.8 Armour
 * Level 5.5 Dodging
 * Level 7.8 Invocations
 + Level 0.2 Evocations


You had 10 spell levels left.
You didn't know any spells.
Your spell library contained the following spells:

 Spells                   Type           Power        Failure   Level  Hunger
 Sting                    Conj/Pois      #...         52%         1    ##.....
 Poisonous Vapours        Pois/Air       #.....       67%         2    ###....
 Mephitic Cloud           Conj/Pois/Air  #.......     88%         3    ####...
 Cause Fear               Hex            #.........   99%         4    #####..
 Olgreb's Toxic Radiance  Pois           #.......     99%         4    #####..
 Silence                  Hex/Air        #.........   100%        5    ######.
 Venom Bolt               Conj/Pois      #.........   100%        5    ######.
 Yara's Violent Unravell  Hex/Tmut       #.........   100%        5    ######.
 Deflect Missiles         Chrm/Air       #.........   100%        6    #######
 Discord                  Hex            #.........   100%        8    #######


Dungeon Overview and Level Annotations

Branches:
Dungeon (10/15)            Temple (0/1) D:4
   Lair: D:8-11         Orc: D:9-12

Altars:
Dithmenos
Elyvilon
Gozag
Makhleb
Okawaru
Qazlal
Ru
Trog
Xom

Shops:
D:10 :

Annotations:
D:7 1 runed translucent door, lavawurm's ghost, novice GrFi


Innate Abilities, Weirdness & Mutations

You have hooves in place of feet.
Armour fits poorly on your strangely shaped body.
You cover ground very quickly.
You have extremely tough skin. (AC +3)


Message History

You hit the orc warrior.
The orc warrior is moderately wounded.
The orc warrior hits you with a +0 glaive.
You hit the orc warrior.
You kick the orc warrior, but do no damage.
The orc warrior is moderately wounded.
You barely miss the orc warrior. Your kick misses the orc warrior.
The orc warrior is moderately wounded.
The orc warrior closely misses you.
You slash the orc warrior! Your kick misses the orc warrior.
The orc warrior is heavily wounded.
The orc warrior hits you with a +0 glaive!!
* * * LOW HITPOINT WARNING * * *
You slash the orc warrior!
The orc warrior is almost dead.
You hit the orc warrior but do no damage.
Your kick misses the orc warrior.
The orc warrior is almost dead.
The orc warrior hits you with a +0 glaive!
You die...

≈...# ≈...#
#.......# ≈...#
#.......#
#####+#####
≈..## #.(.....#
#..[.......
#.... #.......#
#..........
§...# +.......#
+..........
...## #.......+
#.......... ..(#
#....)o.#
#.......... #.##
#.....@.#
#.....y.... ..#
#......[#
#....<....> ..#
#.......#
####+###### ###
####'#### #####
#...# ....#
###'### .∩..#
####.#...#
....###..'.#.#.#
....#.[.##...#.#


You could see an orc warrior.

Vanquished Creatures
  3 hippogriffs
  A meliai zombie (D:9)
  A wyvern (D:9)
  4 yaks (D:9)
  4 hogs (D:9)
  A human (D:9)
  A hungry ghost (D:8)
  2 steam dragons (D:10)
  2 insubstantial wisps (D:10)
  4 orc warriors
  3 ice beasts
  4 sky beasts
  2 phantoms
  2 black bears
  6 centaurs
  4 ogres
  The ghost of Shaidar the Covered, an amateur GrFi (D:4)
  2 big kobolds
  A bullfrog (D:6)
  A wyvern zombie (D:10)
  4 killer bees (D:9)
  2 howler monkeys
  A crimson imp (D:5)
  A bullfrog zombie (D:9)
  A quasit (D:8)
  2 centaur zombies
  8 hounds
  10 orc priests
  2 jellies
  11 orc wizards
  2 bullfrog skeletons
  Jessica (D:2)
  4 iguanas
  6 worker ants
  3 hound skeletons
  2 worker ant zombies
  12 gnolls
  8 adders
  3 shadow imps
  An ooze (D:2)
  An adder skeleton (D:4)
  3 worms
  A dart slug (D:3)
  A leopard gecko (D:6)
  38 orcs
  10 bats
  4 giant cockroaches
  7 goblins
  9 hobgoblins
  13 jackals
  2 quokkas (D:3)
  3 ball pythons
  8 frilled lizards
  25 kobolds
  A quokka skeleton (D:7)
  A quokka zombie (D:9)
  11 rats
271 creatures vanquished.

Vanquished Creatures (others)
  A two-headed ogre (D:9)
  An orc warrior (D:6)
  A killer bee (D:9)
  An orc wizard (D:3)
  2 fungi (D:3)
  2 plants (D:3)
8 creatures vanquished.

Grand Total: 279 creatures vanquished

Notes
Turn   | Place    | Note
-------+----------+-------------------------------------------
     0 | Abyss:1  | Gargoyl the Centaur Abyssal Knight began the quest for the
                  | Orb.
     0 | Abyss:1  | Reached XP level 1. HP: 19/19 MP: 2/2
    39 | Abyss:1  | Noticed a large abomination
    41 | Abyss:1  | Found a burning altar of Makhleb.
    78 | Abyss:1  | Noticed a lich
    80 | Abyss:1  | Noticed a large abomination
    80 | Abyss:1  | Noticed an apocalypse crab
    83 | D:1      | Escaped the Abyss
   137 | D:1      | Reached * piety under Lugonu
   137 | D:1      | Reached XP level 2. HP: 26/26 MP: 3/3
   312 | D:1      | Reached skill level 1 in Dodging
   569 | D:1      | Reached skill level 2 in Axes
   667 | D:1      | Reached XP level 3. HP: 31/31 MP: 4/4
  1271 | D:2      | Reached XP level 4. HP: 38/38 MP: 5/5
  1352 | D:2      | Noticed Jessica
  1377 | D:2      | Killed Jessica
  1652 | D:2      | Reached XP level 5. HP: 43/45 MP: 5/7
  1673 | D:2      | Reached ** piety under Lugonu
  1914 | D:2      | Upgraded the game from 0.24-a0-451-g263dff2034 to
                  | 0.24-a0-458-gfcb5e6da0e
  2175 | D:3      | Found a bloodstained altar of Trog.
  2265 | D:3      | Reached skill level 3 in Axes
  2455 | D:3      | Found a runed translucent gate.
  2456 | D:3      | Found a runed translucent gate.
  2456 | D:3      | Noticed Shaidar's ghost (amateur GrFi)
  2457 | D:3      | Found a runed translucent gate.
  2543 | D:3      | Found a burning altar of Makhleb.
  3676 | D:3      | Reached XP level 6. HP: 41/52 MP: 8/8
  5152 | D:4      | Found a staircase to the Ecumenical Temple.
  5224 | D:3      | HP: 2/52 [poisoned by a worker ant]
  5680 | D:4      | Reached XP level 7. HP: 58/58 MP: 9/9
  5865 | D:4      | Found an iron altar of Okawaru.
  6185 | D:5      | Entered Level 5 of the Dungeon
  6366 | D:4      | Reached skill level 4 in Axes
  6637 | D:4      | Killed Shaidar's ghost
  7101 | D:5      | Reached *** piety under Lugonu
  7111 | D:4      | Reached XP level 8. HP: 44/66 MP: 11/11
  7394 | D:5      | Found a stormy altar of Qazlal.
  7624 | D:5      | Reached skill level 5 in Axes
  7951 | D:6      | Found a white marble altar of Elyvilon.
  7986 | D:6      | Reached skill level 5 in Invocations
  8797 | D:6      | Found a sacrificial altar of Ru.
  9039 | D:7      | Found a runed translucent door.
  9039 | D:7      | Found a shimmering altar of Xom.
  9039 | D:7      | Noticed lavawurm's ghost (novice GrFi)
  9039 | D:7      | Noticed a +0 quarterstaff of chaos
  9095 | D:7      | Reached skill level 5 in Armour
  9185 | D:7      | Reached XP level 9. HP: 73/73 MP: 13/13
  9354 | D:7      | Reached skill level 6 in Axes
  9758 | D:7      | Reached skill level 5 in Fighting
  9976 | D:7      | Found a shadowy altar of Dithmenos.
 10022 | D:7      | Reached **** piety under Lugonu
 11957 | D:8      | Reached skill level 7 in Axes
 12562 | D:9      | Reached XP level 10. HP: 78/83 MP: 14/14
 13042 | D:9      | Noticed a two-headed ogre
 13087 | D:9      | Banished a two-headed ogre
 13658 | D:9      | Reached skill level 5 in Dodging
 13957 | D:9      | Found an opulent altar of Gozag.
 14147 | D:9      | Reached skill level 8 in Axes
 14763 | D:10     | Entered Level 10 of the Dungeon
 16213 | D:10     | Reached XP level 11. HP: 71/91 MP: 16/16
 16267 | D:10     | Found Hosam's Book Shop.
 16345 | D:10     | Slain by an orc warrior

Levels and vault maps discovered:
D:1:      dpeg_arrival_rooms_with_view, layout_basic
D:2:      minmay_inner_zag, layout_rooms, uniq_jessica
D:3:      layout_loops_corners, bloody_trog, makhleb_grotto_becter,
          gammafunk_ghost_nasty_kobolds
D:4:      minmay_evil_eye, layout_basic, marbit_many_paths,
          minmay_temple_entry_crystal_x
D:5:      layout_rooms, kennysheep_mini, cheibrodos_sewer_entry_drain,
          first_ration
D:6:      layout_gridville, kennysheep_little_box,
          nicolae_ru_the_path_less_chosen
D:7:      layout_rooms, grunt_dithmenos_smoke, ebering_ghost_xom,
          kennysheep_nub, kennysheep_small_spiral
D:8:      layout_loops_corners, kennysheep_generic_room_11
D:9:      layout_long_grid, nicolae_gozag_seed_capital, grunt_livestock
D:10:     layout_roguey [special_room_orc], serial_undead, serial_undead_f,
          serial_undead_c, serial_undead_f, serial_undead_e, serial_shops, shop,
          shop, hangedman_misty_isle

Skill      XL: |  1  2  3  4  5  6  7  8  9 10 |
---------------+-------------------------------+-----
Dodging        | 1 2 3 4 5 |  5.5
Axes           | 2 3 4 5 7 8 |  8.5
Armour         | 2 3 4 5 6 |  6.8
Invocations    | 3 4 5 6 7 |  7.8
Fighting       | 4 5 6 |  6.4
Evocations     | |  0.2

Action                   |  1- 3 |  4- 6 |  7- 9 | 10-12 || total
-------------------------+-------+-------+-------+-------++-------
Melee: Hand axe          |   103 |   290 |   618 |   420 ||  1431
       Kick              |    15 |    61 |   171 |    95 ||   342
Invok: Depart the Abyss  |     1 |       |       |       ||     1
       Bend Space        |       |       |     1 |     1 ||     2
       Banish            |       |       |     1 |    12 ||    13
Evoke: Wand              |       |       |     6 |       ||     6
  Use: Scroll            |       |    14 |     7 |     4 ||    25
       Potion            |       |       |     4 |     8 ||    12
 Stab: Invisible         |       |       |       |     4 ||     4
  Eat: Chunk             |       |     8 |    15 |     6 ||    29
       Ration            |       |     2 |     3 |     3 ||     8
Armor: Chain mail        |   126 |   188 |     9 |       ||   323
       Ring mail         |       |       |   309 |   190 ||   499
       Skin              |       |       |       |    46 ||    46
Dodge: Dodged            |    31 |    51 |   275 |   189 ||   546
Block: Other             |       |    93 |   193 |   121 ||   407
       Reflection        |       |     4 |     9 |       ||    13

Table legend:
 A = Non-vault XP
 B = Vault XP
 C = Vault XP percentage of total XP
 D = Non-vault monster count
 E = Vault monster count
 F = Vault count percentage of total count
                 A         B        C        D         E       F
            +---------+---------+-------+---------+---------+-------
      Total |    8956 |    2123 |  19.2 |     244 |      31 |  11.3
            +---------+---------+-------+---------+---------+-------
        D:1 |      55 |       3 |   5.2 |      29 |       2 |   6.5
        D:2 |     129 |      43 |  25.0 |      27 |       5 |  15.6
        D:3 |     201 |      72 |  26.4 |      22 |       6 |  21.4
        D:4 |     691 |     150 |  17.8 |      31 |       3 |   8.8
        D:5 |     291 |       2 |   0.7 |      11 |       2 |  15.4
        D:6 |     923 |       0 |   0.0 |      25 |       0 |   0.0
        D:7 |    1155 |       0 |   0.0 |      22 |       0 |   0.0
        D:8 |    1705 |       5 |   0.3 |      28 |       2 |   6.7
        D:9 |    3283 |     994 |  23.2 |      34 |       5 |  12.8
       D:10 |     523 |     854 |  62.0 |      15 |       6 |  28.6
            +---------+---------+-------+---------+---------+-------
